 Dungeon Crawl Stone Soup version 0.29.0-11-gd7f09526c8 (webtiles) character file.

Game seed: 5189399407354358267

100 sasquatch the Stinger (level 4, -29/27 HPs)
             Began as a Demonspawn Venom Mage on Sept 2, 2022.
             Killed by an exploding Grinder (34 damage)
             ... ignited by their inner flame
             ... on level 3 of the Dungeon.
             The game lasted 00:05:51 (3293 turns).

sasquatch the Stinger (Demonspawn Venom Mage)       Turns: 3293, Time: 00:05:53

Health: -29/27     AC:  9    Str:  8    XL:     4   Next: 46%
Magic:  8/9        EV: 12    Int: 18    God:
Gold:   212        SH:  0    Dex: 14    Spells: 6/9 levels left

rFire   . . .      SeeInvis .   f - +0 rapier
rCold   . . .      Faith    .   (no shield)
rNeg    . . .      Spirit   .   a - +0 robe
rPois   .          Reflect  .   (helmet restricted)
rElec   .          Harm     .   (no cloak)
rCorr   .          Rampage  .   h - +0 pair of gloves
Will    .....                   (no boots)
Stlth   ++........              (no amulet)
HPRegen 0.09/turn               (no ring)
MPRegen 0.11/turn               (no ring)

@: sanguine armoured, attractive, invisible
A: spiny 1, sanguine armour 1, beak, frail 1
a: no special abilities


You were on level 3 of the Dungeon.
You visited 1 branch of the dungeon, and saw 3 of its levels.

You collected 212 gold pieces.

Inventory:

Hand Weapons
 f - a +0 rapier (weapon)
Armour
 a - a +0 robe (worn)
 h - a +0 pair of gloves (worn)
Jewellery
 c - a ring of protection from cold
 e - a ring of magical power
Scrolls
 d - a scroll of identify
 o - a scroll of fog
Potions
 b - a potion of magic
 k - 2 potions of lignification
 l - a potion of attraction


   Skills:
 - Level 1.7 Dodging
 - Level 1.7 Stealth
 + Level 3.4 Spellcasting
 - Level 0.8 Transmutations
 + Level 4.3 Poison Magic


You had 6 spell levels left.
You knew the following spells:

 Your Spells              Type           Power      Damage    Failure   Level
a - Sting                 Tmut/Pois      48%        1d5       5%          1
b - Poisonous Vapours     Pois/Air       20%        N/A       10%         2

Your spell library contained the following spells:

 Spells                   Type           Power      Damage    Failure   Level
 Sandblast                Erth           6%         2d5       16%         1
 Passwall                 Tmut/Erth      3%         N/A       21%         2
 Mephitic Cloud           Conj/Pois/Air  8%         N/A       26%         3
 Olgreb's Toxic Radiance  Pois           18%        N/A       26%         4
 Frozen Ramparts          Ice            6%         1d1       43%         3
 Stone Arrow              Conj/Erth      6%         3d7       43%         3
 Ice Form                 Ice/Tmut       4%         N/A       78%         4
 Summon Ice Beast         Ice/Summ       3%         N/A       83%         4


Dungeon Overview and Level Annotations

Branches:
Dungeon (3/15)

Altars:
Fedhas

Annotations:
D:3 Terence


Innate Abilities, Weirdness & Mutations

You are partially covered in sharp spines.
When seriously injured, your blood forms armour. (AC +6)
You have a beak for a mouth.
You are frail. (-10% HP)


Message History

You barely resist.
Grinder blinks!
Your blood armour dries and flakes away.
Grinder blinks!
As you read the scroll labelled XEURAD MIPT, it crumbles to dust.
The creatures around you are filled with an inner flame!
It was a scroll of immolation.
Grinder gestures at you.
You barely resist.
As you read the scroll labelled ZOQAKI PIARAZOTS, it crumbles to dust.
You feel aware of your surroundings.
You sensed 2 altars.
It was a scroll of magic mapping.
Grinder says, "FISH!"
Grinder is struck by your spines.
Flame seeps out of Grinder.
Grinder barely misses you.
Aiming: Sting (safe; 5% risk of failure)
Press: ? - help, Q - select action, (/) - cycle Shift-Dir - straight line, f - Grinder
Aim: Grinder (flame, lightly wounded, inner flame, 68% to hit)
The sting hits Grinder but does no damage.
Grinder is poisoned.
Grinder is lightly wounded.
Grinder is engulfed in blazing flames.
Flame seeps out of Grinder.
Grinder hits you!
Your blood congeals into armour.
You writhe in agony.
* * * LOW HITPOINT WARNING * * *
It was a potion of curing.
You feel better.
Grinder is engulfed in blazing flames.
Flame seeps out of Grinder.
Grinder hits you.
You writhe in agony.
* * * LOW HITPOINT WARNING * * *
It was a potion of attraction.
You feel attractive to monsters. Grinder is struck by your spines.
Flame seeps out of Grinder.
Grinder closely misses you.
Okay, then.
It was a potion of invisibility.
You fade into invisibility!
Grinder is engulfed in blazing flames.
Grinder explodes!
The fiery explosion engulfs you!!
Ouch! That really hurt!
You die...

.....##### #.# #...##
#.# ##(## #.# #.# #.#
#.# #.# *#+#* #.#
*,,,** #.### ,,,,,**
###...# ,,,,,,**
##.###@#
,,,,,,,####...##○#
,,,,,,,+.......#.#
,,,,,,,####...##.#
,<,,,,** ##.###.#####
,,,,,**######.†......#
*,,,** #......##.###.#
*#+** #.###..##.# *,*
#.* #.###..##.# *,*


There were no monsters in sight!

Vanquished Creatures
  Grinder (D:3)
  5 adders
  A worm (D:3)
  A dart slug (D:2)
  An orc (D:3)
  An endoplasm (D:1)
  4 giant cockroaches
  5 hobgoblins
  2 quokkas
  11 ball pythons
  7 bats
  A frilled lizard (D:2)
  7 goblins
  A kobold (D:2)
  3 rats
51 creatures vanquished.

Notes
Turn   | Place    | Note
-------+----------+-------------------------------------------
     0 | D:1      | sasquatch the Demonspawn Venom Mage began the quest for the
                  | Orb.
     0 | D:1      | Reached XP level 1. HP: 13/13 MP: 3/3
   603 | D:1      | Gained mutation: You are partially covered in sharp spines.
                  | [demonic ancestry]
   603 | D:1      | Reached XP level 2. HP: 13/19 MP: 0/5
  1354 | D:1      | Learned a level 2 spell: Poisonous Vapours
  1538 | D:2      | Reached XP level 3. HP: 23/24 MP: 0/7
  1823 | D:2      | Gained mutation: You are frail. (-10% HP) [potion of
                  | mutation]
  1823 | D:2      | Gained mutation: You have a beak for a mouth. [potion of
                  | mutation]
  1826 | D:2      | Reached skill level 4 in Poison Magic
  2061 | D:2      | Found a blossoming altar of Fedhas.
  2111 | D:2      | Gained mutation: When seriously injured, your blood forms
                  | armour. (AC +6) [demonic ancestry]
  2111 | D:2      | Reached XP level 4. HP: 27/27 MP: 6/8
  2749 | D:3      | Noticed Terence
  3261 | D:3      | Noticed Grinder
  3262 | D:3      | Paralysed by Grinder for 5 turns
  3293 | D:3      | Killed Grinder
  3293 | D:3      | Killed by an exploding Grinder... ignited by their inner
                  | flame

Illustrated notes

Levels and vault maps discovered:
D:1:      dpeg_arrival_water_fire, layout_basic
D:2:      layout_loops_cross, basic_altar, minmay_misc_feat_room,
          minmay_pentomino_p4
D:3:      layout_loops_corners, mainiacjoe_overflow_swirl, st_stairs_12,
          kennysheep_generic_room_2, uniq_grinder, uniq_terence

Skill      XL: |  1  2  3 |
---------------+----------+-----
Spellcasting   | 3 |  3.4
Poison Magic   | 4 |  4.3
Dodging        | |  1.7
Stealth        | |  1.7
Transmutations | |  0.8

Action                   |  1- 3 |  4- 6 || total
-------------------------+-------+-------++-------
Melee: Unarmed           |     7 |       ||     7
       Rapier            |     8 |     2 ||    10
 Cast: Sting             |    55 |    41 ||    96
       Poisonous Vapours |     2 |       ||     2
  Use: Potion            |     1 |     3 ||     4
       Scroll            |       |     5 ||     5
Armor: Robe              |    11 |     7 ||    18
Dodge: Dodged            |    33 |     9 ||    42
